 Dungeon Crawl Stone Soup version 0.19-a0-1714-gcab94ab (webtiles) character file.

891 Eucla the Cleaver (level 7, 0/67 HPs)
             Began as a Deep Dwarf Monk on Sept 28, 2016.
             Slain by an ice beast (7 damage)
             ... on level 5 of the Dungeon.
             The game lasted 00:06:11 (2960 turns).

Eucla the Cleaver (Deep Dwarf Monk)                 Turns: 2960, Time: 00:06:11

Health: 0/67       AC: 11    Str: 16    XL:     7   Next: 78%
Magic:  5/5        EV: 11    Int: 10    God:
Gold:   234        SH:  0    Dex: 16    Spells: 0 memorised, 6 levels left

rFire  . . .     SeeInvis .     a - +0 hand axe
rCold  . . .     Gourm    .     B - +3 scale mail
rNeg   . . .     Faith    .     (no shield)
rPois  .         Spirit   .     C - +0 helmet
rElec  .         Dismiss  .     (no cloak)
rCorr  .         Reflect  .     (no gloves)
MR     +....     Harm     .     (no boots)
Stlth  +.........               (no amulet)
                                (no ring)
                                (no ring)

@: non-regenerating
A: damage resistance, recharge devices, sense surroundings 1, slow regeneration
3
a: Device Recharging


You were on level 5 of the Dungeon.
You were not hungry.

You visited 1 branch of the dungeon, and saw 5 of its levels.

You collected 234 gold pieces.

Inventory:

Hand Weapons
 a - a +0 hand axe (weapon)
Armour
 b - a +0 robe
 f - a +0 ring mail
 B - a +3 scale mail (worn)
 C - a +0 helmet (worn)
Jewellery
 A - an uncursed amulet of guardian spirit {unknown}
Wands
 c - a wand of heal wounds (4/9)
 D - a wand of random effects (0/48)
Scrolls
 h - 2 scrolls of teleportation {unknown}
 j - 2 scrolls of magic mapping {unknown}
 m - a scroll of amnesia {unknown}
 o - 3 scrolls of random uselessness {unknown}
 q - 2 scrolls of blinking {unknown}
 r - 8 scrolls of identify {unknown}
 v - 4 scrolls of fear {unknown}
 x - a scroll of enchant armour {unknown}
 y - 2 scrolls of remove curse {unknown}
 E - a scroll of immolation {unknown}
Potions
 e - a potion of lignification {unknown}
 i - a potion of ambrosia {unknown}
 k - a potion of resistance {unknown}
 l - 2 potions of brilliance {unknown}
 p - 3 potions of haste {unknown}
 t - 2 potions of magic {unknown}
 u - a potion of flight {unknown}
 w - a potion of curing {unknown}
 z - a potion of might {unknown}
Comestibles
 d - 4 bread rations
 g - 2 meat rations


   Skills:
 + Level 5.1 Fighting
 * Level 8.9 Axes
 - Level 3.2 Dodging
 - Level 2.4 Stealth


You had 6 spell levels left.
You didn't know any spells.

Dungeon Overview and Level Annotations

Branches:
Dungeon (5/15)
 Temple: D:4-7

Altars:
Qazlal


Innate Abilities, Weirdness & Mutations

You are resistant to damage.
You can recharge devices by infusing magical energy.
You passively map a small area around you.
You do not regenerate.


Message History

The ice beast hits you. The ice beast freezes you!
* * * LOW HITPOINT WARNING * * *
You hit the ice beast but do no damage.
The ice beast is severely wounded.
The ice beast hits you but does no damage.
You hit the ice beast but do no damage.
The ice beast is severely wounded.
The ice beast barely misses you.
You hit the ice beast.
The ice beast is almost dead.
You hit the ice beast.
The ice beast is almost dead.
The ice beast hits you but does no damage.
Unknown command.
You hit the ice beast but do no damage.
The ice beast is almost dead.
The ice beast hits you.
* * * LOW HITPOINT WARNING * * *
The ice beast freezes you!
You die...

* * ##.######.# ,
#.# #.# , , #.#
#.# ** * #+#
###.### , ,
*#.....####### .
#.###.......# *
...#. #.....#.#
,,.....###...#.#.*
, ,,
.....(Y@..........
, * ,
....####.....#.###
,... #...### , **
#....., * **
###$### #.# #.# ,
*


You could see an ice beast.

Vanquished Creatures
  An ogre (D:3)
  A centaur (D:3)
  8 orc wizards
  A bullfrog skeleton (D:4)
  A centaur skeleton (D:4)
  2 orc priests (D:4)
  3 worker ants
  An iguana (D:4)
  8 gnolls (D:4)
  10 adders
  2 oozes
  4 worms
  A dart slug (D:1)
  3 leopard geckos
  21 orcs
  6 goblins
  13 hobgoblins
  3 jackals (D:2)
  3 quokkas
  A ball python (D:4)
  4 frilled lizards
  A jackal skeleton (D:4)
  8 kobolds
  4 rats
110 creatures vanquished.

Vanquished Creatures (collateral kills)
  An orc priest (D:4)
1 creature vanquished.

Grand Total: 111 creatures vanquished

Notes
Turn   | Place    | Note
-------+----------+-------------------------------------------
     0 | D:1      | Eucla the Deep Dwarf Monk began the quest for the Orb.
     0 | D:1      | Reached XP level 1. HP: 20/20 MP: 1/1
   132 | D:1      | Reached XP level 2. HP: 20/27 MP: 2/2
   184 | D:1      | Reached skill level 4 in Axes
   865 | D:2      | Reached XP level 3. HP: 23/33 MP: 3/3
   913 | D:2      | Reached skill level 5 in Axes
  1029 | D:2      | Reached XP level 4. HP: 33/42 MP: 4/4
  1517 | D:3      | Noticed an ogre
  1529 | D:3      | Killed an ogre
  1529 | D:3      | Reached skill level 6 in Axes
  1529 | D:3      | Reached XP level 5. HP: 8/49 MP: 5/5
  1550 | D:3      | Noticed a centaur
  1572 | D:3      | Killed a centaur
  1572 | D:3      | Reached XP level 6. HP: 15/57 MP: 6/6
  1625 | D:3      | Reached skill level 7 in Axes
  2051 | D:4      | Reached XP level 7. HP: 19/66 MP: 6/6
  2219 | D:4      | Reached skill level 8 in Axes
  2618 | D:4      | Reached skill level 5 in Fighting
  2760 | D:5      | Entered Level 5 of the Dungeon
  2854 | D:5      | Found a stormy altar of Qazlal.
  2960 | D:5      | Slain by an ice beast

Vault maps used:
D:1:      dpeg_arrival_simpleton_b, minmay_fountain_box, st_stairs_14,
          minmay_crystal_room, minmay_misc_feat_chi, corexii_corridor_pit,
          roderic_lattice_a
D:3:      first_bread
D:4:      kennysheep_diamond
D:5:      corexii_shack, grunt_qazlal_sundering, uniq_duvessa

Skill      XL: |  1  2  3  4  5  6  7 |
---------------+----------------------+-----
Axes           | 4 5 6 7 8 |  8.9
Fighting       | 3 4 5 |  5.1
Dodging        | |  3.2
Stealth        | |  2.4

Action                   |  1- 3 |  4- 6 |  7- 9 || total
-------------------------+-------+-------+-------++-------
Melee: Hand axe          |   159 |   247 |   211 ||   617
 Abil: Device Recharging |       |     1 |     1 ||     2
Evoke: Wand              |     1 |     4 |     8 ||    13
 Stab: Sleeping          |     2 |     2 |       ||     4
       Distracted        |     1 |       |       ||     1
  Eat: Chunk             |     1 |     3 |     2 ||     6
       Fruit             |       |       |     1 ||     1
       Beef jerky        |       |       |     1 ||     1
Armor: Ring mail         |    37 |    37 |       ||    74
       Robe              |     4 |       |       ||     4
       Scale mail        |       |    36 |    88 ||   124
Dodge: Dodged            |    91 |   161 |   109 ||   361
